[Event "Late-Titled-Tuesday-Blitz-September-05-2023"]
[Site "Chess.com"]
[Date "2023.09.05"]
[Round "3"]
[White "eljanov"]
[Black "Marcin"]
[Result "1-0"]
[WhiteElo "2882"]
[BlackElo "2487"]
[TimeControl "180+1"]
[EndTime "14:28:47 PDT"]
[Termination "eljanov won by resignation"]

1. d4 Nf6 2. c4 g6 3. Nc3 Bg7 4. e4 d6 5. Be2 O-O 6. Be3 e5 7. d5 a5 8. Nf3 Ng4 9. Bg5 f6 10. Bh4 Qe8 11. Nd2 Nh6 12. f3 Na6 13. Bf2 f5 14. a3 Bd7 15. b3 Kh8 16. O-O f4 17. Rb1 g5 18. b4 axb4 19. axb4 Rg8 20. c5 Bf8 21. h3 Qh5 22. Re1 Bxh3 23. gxh3 Qxh3 24.
Bf1 Qh5 25. Bg2 Be7 26. Kf1 g4 27. Ke2 g3 28. Bg1 dxc5 29. bxc5 Bxc5 30. Bxc5 Nxc5 31.
Rh1 Qg6 32. Nc4 Qa6 33. Rb5 Nd7 34. Qb3 Qa7 35. Nd1 Nc5 36. Qc3 Nf7 37. Nxe5 Qa2+ 38. Rb2 Qa6+ 39. Ke1 Rg7 40. Nxf7+ Kg8 41. Nh6+ Kf8 42.
Nf5 Nd3+ 43. Kd2 1-0

[Event "Late-Titled-Tuesday-Blitz-September-05-2023"]
[Site "Chess.com"]
[Date "2023.09.05"]
[Round "3"]
[White "Giorno"]
[Black "OYAcosta"]
[Result "1-0"]
[WhiteElo "2451"]
[BlackElo "2261"]
[TimeControl "180+1"]
[EndTime "14:28:47 PDT"]
[Termination "Giorno won on time"]

1. d4 c6 2. e4 d5 3. e5 Bf5 4. h4 h5 5. Bd3 Bxd3 6. cxd3 e6 7. Nf3 Nd7 8. Nc3 Ne7 9. Bg5 Qb6 10. Bxe7 Bxe7 11. Qd2 c5 12. Na4 Qb5 13. Nxc5 Nxc5 14. dxc5 Bxc5 15. O-O O-O 16. d4 Bb4 17. Qg5 g6 18. g4 hxg4 19. Nh2 Rfe8 20. Nxg4 Be7 21. Nf6+ Kg7 22. Rac1 Qb6 23. h5 Rh8 24. hxg6 fxg6 25. Nh5+ Rxh5 26. Qxe7+ Kh6 27. Rc7 Rg5+ 28. Kh1 Rh5+ 29.
Kg2 Rg5+ 30. Kf3 Rf5+ 31. Ke3 Rxe5+ 32. Kd2 Qxd4+ 33. Kc1 Qf4+ 34. Kb1 Qe4+ 35. Ka1 g5 36. Qg7+ Kh5 37. a3 1-0

[Event "Late-Titled-Tuesday-Blitz-September-05-2023"]
[Site "Chess.com"]
[Date "2023.09.05"]
[Round "3"]
[White "HeinichessPY"]
[Black "TreinadorBR"]
[Result "1-0"]
[WhiteElo "2231"]
[BlackElo "2372"]
[TimeControl "180+1"]
[EndTime "14:28:48 PDT"]
[Termination "HeinichessPY won on time"]

1. d4 Nf6 2. Nc3 d5 3. Bf4 c6 4.
e3 b5 5. Nf3 Bg4 6. h3 Bxf3 7.
Qxf3 Nbd7 8. g4 b4 9. Ne2 Ne4 10.
Ng3 Qa5 11. Nxe4 dxe4 12. Qxe4 b3+ 13. c3 Qxa2 14. Qb1 Qxb1+ 15. Rxb1 f6 16. Bc4 e5 17. dxe5 fxe5 18. Bg3 Rb8 19. O-O Bd6 20. Rfd1 Bc7 21. Ra1 a5 22. Ra3 Nc5 23. f3 Ke7 24. e4 h6 25. Bf2 Ne6 26. Rxb3 Rxb3 27. Bxb3 Nf4 28.
Bc5+ Kf6 29. Rd7 Rc8 30. h4 Rb8 31. Bc4 Bb6 32. Rd6+ Ke7 33. Rxc6+ Kd7 34. Rxb6 Rc8 35. Bb5+ Kc7 36. Rc6+ Kb8 37. Rxc8+ Kxc8 38. Bd6 1-0

[Event "Late-Titled-Tuesday-Blitz-September-05-2023"]
[Site "Chess.com"]
[Date "2023.09.05"]
[Round "3"]
[White "StellarChessPro"]
[Black "GMZaven"]
[Result "0-1"]
[WhiteElo "2510"]
[BlackElo "2789"]
[TimeControl "180+1"]
[EndTime "14:28:49 PDT"]
[Termination "GMZaven won by checkmate"]

1. a3 e5 2. b4 d5 3. e3 a5 4. b5 Nf6 5. Bb2 Bd6 6. g3 h5 7. h3 Nbd7 8. Bg2 Nb6 9. d3 Na4 10. Bc1 d4 11. c4 Nc5 12. e4 a4 13.
Ne2 c6 14. bxc6 bxc6 15. O-O h4 16. g4 Rb8 17. f4 Rb3 18. Rf3 Nxg4 19. Nd2 Rxd3 20.
Rxd3 Nxd3 21. Qxa4 Ne3 22. Qxc6+ Kf8 23. Nf3 Rh6 24. Bxe3 dxe3 25. Qd5 Nxf4 26. Nxf4 exf4 27. Rd1 e2 28. Re1 Qb6+ 29. Kh1 Bb7 30. Qg5 Rg6 31.
Qxh4 Bxe4 32. c5 Bxc5 33. Qxf4 f5 34. Rxe2 Bd6 35. Qc1 Rg3 36. Ng5 Rxg2 37. Qc8+ Ke7 38. Qe6+ Kd8 39. Nf7+ Kc7 40. Rxe4 Qg1# 0-1

[Event "Late-Titled-Tuesday-Blitz-September-05-2023"]
[Site "Chess.com"]
[Date "2023.09.05"]
[Round "3"]
[White "Sulthankan"]
[Black "biostatistician"]
[Result "0-1"]
[WhiteElo "2398"]
[BlackElo "2571"]
[TimeControl "180+1"]
[EndTime "14:28:49 PDT"]
[Termination "biostatistician won by resignation"]

1. d4 d5 2. c4 c6 3. Nc3 Nf6 4. e3 a6 5. Nf3 b5 6. c5 Bg4 7.
Be2 Nbd7 8. a3 e5 9. b4 e4 10. Ng1 Bf5 11. f3 Be7 12. fxe4 Nxe4 13. Nxe4 Bxe4 14.
Nf3 O-O 15. O-O f5 16. Bd3 Qc7 17. g3 Rf6 18. Bb2 Rg6 19. Rf2 Rf8 20. Qe2 Rh6 21.
a4 Nf6 22. axb5 axb5 23. Ne5 Bxd3 24. Qxd3 Ne4 25. Rf3 Rhf6 26. Raf1 g6 27. Qe2 Re6 28. Qg2 Bf6 29. g4 fxg4 30. Qxg4 Qe7 31. Kh1 Bg7 32. Rxf8+ Bxf8 33. Rf7 Qxf7 34. Nxf7 Nf2+ 35. Kg2 Nxg4 36. Nd8 Rxe3 37. Nxc6 Nf6 38. Bc1 Re2+ 39. Kf3 Rxh2 40.
Na7 Rc2 41. Bg5 Ne4 42. Bd8 Rc3+ 43. Kf4 Bg7 44. Nxb5 Rc4 45. Ba5 Bxd4 46. Nxd4 Rxd4 47. c6 Rc4 48. b5 Nd6+ 49. Ke5 Nxb5 50. Kxd5 Rc2 0-1

[Event "Late-Titled-Tuesday-Blitz-September-05-2023"]
[Site "Chess.com"]
[Date "2023.09.05"]
[Round "3"]
[White "melissa_guez"]
[Black "micke12a"]
[Result "0-1"]
[WhiteElo "2017"]
[BlackElo "2324"]
[TimeControl "180+1"]
[EndTime "14:28:49 PDT"]
[Termination "micke12a won by resignation"]

1. e4 c5 2. Nf3 e6 3. d4 cxd4 4. Nxd4 Nc6 5. Nc3 Qc7 6. Be3 a6 7. Be2 Nf6 8. O-O Be7 9. f4 d6 10.
Qe1 b5 11. a3 Bb7 12. Bf3 O-O 13. Qg3 Kh8 14. Nxc6 Bxc6 15. e5 Nd5 16. Nxd5 Bxd5 17. Bxd5 exd5 18. c3 dxe5 19. fxe5 Bc5 20. Bd4 Rae8 21.
Rac1 Rxe5 22. Kh1 Bd6 23. Bxe5 Bxe5 24. Qh3 f6 25. Rcd1 Rd8 26. Rf5 Qc4 27. Qf3 h6 28. Qf1 Qb3 29. Qf3 Qxb2 30. g3 Qxa3 31. Rxd5 Rxd5 32.
Qxd5 Qa1+ 33. Kg2 Qxc3 34. Rf2 b4 35. Qa8+ Kh7 36. Qxa6 b3 37. Rf3 Qd2+ 38. Rf2 Qd5+ 39. Kh3 b2 40. Qe2 b1=Q 41. Qc2+ Qxc2 42. Rxc2 Qe4 43. Rc8 Qf5+ 0-1

[Event "Late-Titled-Tuesday-Blitz-September-05-2023"]
[Site "Chess.com"]
[Date "2023.09.05"]
[Round "3"]
[White "temus_galaktionov"]
[Black "MagnusCarlsen"]
[Result "0-1"]
[WhiteElo "2824"]
[BlackElo "3258"]
[TimeControl "180+1"]
[EndTime "14:28:50 PDT"]
[Termination "MagnusCarlsen won by resignation"]

1. d4 Nf6 2. Nf3 b5 3. c3 Bb7 4. Bf4 e6 5. h3 Be7 6. e3 a6 7. Nbd2 O-O 8. Bd3 c5 9. O-O cxd4 10. cxd4 Nc6 11. Rc1 Rc8 12. Bb1 Nb4 13. Qe2 Qb6 14.
Bh2 a5 15. a3 Nc6 16. Bd3 Na7 17. e4 Rxc1 18. Rxc1 Rc8 19. Rxc8+ Bxc8 20. Bf4 Bb7 21. Qd1 d5 22. e5 Ne4 23. Qc2 Qc6 24. Qxc6 Bxc6 25.
Bxe4 dxe4 26. Ng5 b4 27. axb4 Bxb4 28. Ngxe4 Bd5 29. Kf1 Nc6 30. Be3 a4 31. f3 Kf8 32.
Ke2 Be7 33. Kd3 Nb4+ 34. Kc3 Bc6 35. Bf2 Bb5 36. Nc5 Nd5+ 37. Kc2 Nf4 38. Nde4 Nxg2 39. Nc3 Bc6 40. N3xa4 Nf4 41. Be3 Nxh3 42. f4 h5 43. b4 g5 44. fxg5 Bxg5 45. Kd3 Nf4+ 46. Kd2 h4 47. Nd3 h3 48. Nf2 Bxa4 49. Bxf4 Bxf4+ 50. Ke2 h2 51. Kf3 Bd2 52. Kg3 Be1 0-1

[Event "Late-Titled-Tuesday-Blitz-September-05-2023"]
[Site "Chess.com"]
[Date "2023.09.05"]
[Round "3"]
[White "Kostukov_Alex"]
[Black "TheMagician"]
[Result "1/2-1/2"]
[WhiteElo "2405"]
[BlackElo "2080"]
[TimeControl "180+1"]
[EndTime "14:28:50 PDT"]
[Termination "Game drawn - insufficient material"]

1. g3 Nf6 2. Bg2 d5 3. d3 c6 4. e4 dxe4 5. dxe4 Qxd1+ 6. Kxd1 e5 7. f3 Nfd7 8. Be3 Bc5 9. Ke2 Bxe3 10. Kxe3 Nc5 11. b3 Ke7 12. Nd2 Rd8 13. Bh3 Ne6 14. c3 f6 15. Nc4 Na6 16. Ne2 Nac5 17. Rhd1 Ng5 18. Rxd8 Kxd8 19. Rd1+ Ke7 20. Bxc8 Rxc8 21. Nd6 Rc7 22. h4 Nge6 23. Nf5+ Ke8 24. f4 Nd7 25. h5 g6 26. hxg6 hxg6 27. Nh4 Kf7 28. Rh1 exf4+ 29. gxf4 Ng7 30. Nf3 Nf8 31. c4 Rd7 32. c5 Nfe6 33. b4 a5 34. a3 axb4 35. axb4 b6 36. cxb6 Rb7 37. Ra1 Rxb6 38. Ra7+ Ke8 39.
Nfd4 Rxb4 40. Nxc6 Rb3+ 41. Kd2 Nh5 42. Re7+ Kf8 43. Rxe6 Rb2+ 44. Kd3 Rxe2 45. Rxf6+ Nxf6 46. Kxe2 Nxe4 47. Kf3 Nf6 48. Ne5 Kg7 49. Nxg6 Kxg6 50. f5+ Kxf5 1/2-1/2

[Event "Late-Titled-Tuesday-Blitz-September-05-2023"]
[Site "Chess.com"]
[Date "2023.09.05"]
[Round "3"]
[White "Perecke"]
[Black "Ali_rastbod"]
[Result "0-1"]
[WhiteElo "2477"]
[BlackElo "2713"]
[TimeControl "180+1"]
[EndTime "14:28:51 PDT"]
[Termination "Ali_rastbod won on time"]

1. e4 Nc6 2. Nf3 d6 3. d4 Nf6 4.
Nc3 g6 5. Be3 Bg7 6. h3 O-O 7.
Qd2 a6 8. Bh6 b5 9. Bd3 e5 10.
dxe5 dxe5 11. O-O-O b4 12. Na4 Qe7 13. Be3 Rd8 14. Qe2 Nd4 15. Bxd4 exd4 16. e5 Nd5 17. Nxd4 Qxe5 18. Nc6 Qf6 19. Nxd8 Bd7 20. Qf3 Bxa4 21. Qxf6 Nxf6 22. Bc4 Be8 23. Rhe1 Kf8 24. g4 Bh6+ 25.
Kb1 Bf4 26. Nb7 a5 27. Nc5 Bc6 28. Nd3 Bd6 29. Ne5 Be8 30. f4 a4 31. g5 Nh5 32.
Bd5 Ra5 33. Bc6 Bxe5 34. Bxe8 Bxf4 35. h4 a3 0-1

[Event "Late-Titled-Tuesday-Blitz-September-05-2023"]
[Site "Chess.com"]
[Date "2023.09.05"]
[Round "3"]
[White "alexrustemov"]
[Black "SalihEke"]
[Result "1-0"]
[WhiteElo "2883"]
[BlackElo "2490"]
[TimeControl "180+1"]
[EndTime "14:28:52 PDT"]
[Termination "alexrustemov won on time"]

1. d4 d5 2. c4 e6 3. Nc3 Nf6 4.
Nf3 Be7 5. Bg5 O-O 6. e3 h6 7. Bh4 Ne4 8. Bxe7 Qxe7 9. Qc2 Nxc3 10. Qxc3 c6 11. Rc1 Nd7 12. cxd5 exd5 13. Bd3 Nf6 14.
O-O Bd7 15. Ne5 Ng4 16. Nf3 Nf6 17. h3 Be6 18. b4 Nd7 19. a4 a6 20. Ra1 Rfc8 21. Rfc1 Qd6 22. Nd2 g5 23. Be2 Bf5 24.
Nb3 Re8 25. b5 axb5 26. axb5 Rxa1 27. Rxa1 Rc8 28. bxc6 Rxc6 29. Qa5 Rc2 30. Qd8+ Qf8 31. Qxf8+ Kxf8 32. Bf3 Nf6 33. Ra8+ Kg7 34. Rb8 g4 35.
hxg4 Bxg4 36. Rxb7 h5 37. Nc5 Rc1+ 38. Kh2 Rc2 39.
Kg3 Bxf3 40. gxf3 h4+ 41. Kg2 h3+ 42. Kxh3 Rxf2 43. Kg3 Ra2 44. Ne6+ Kg8 45. Ng5 Nh5+ 46. Kg4 Nf6+ 47. Kf5 Ne8 48. Nxf7 Rf2 49. Kf4 1-0

[Event "Late-Titled-Tuesday-Blitz-September-05-2023"]
[Site "Chess.com"]
[Date "2023.09.05"]
[Round "3"]
[White "FMOlexandrProhorov"]
[Black "komogro"]
[Result "0-1"]
[WhiteElo "2285"]
[BlackElo "2504"]
[TimeControl "180+1"]
[EndTime "14:28:52 PDT"]
[Termination "komogro won by resignation"]

1. d4 Nf6 2. Nf3 g6 3. c4 Bg7 4. Nc3 d6 5. g3 O-O 6. Bg2 Nbd7 7.
O-O c6 8. Re1 e5 9. e4 a5 10. h3 exd4 11. Nxd4 Re8 12. Bf4 Nc5 13. Nc2 Bf8 14. Qd2 a4 15. Rad1 Be6 16. Ne3 Qb6 17. g4 Nfd7 18. Bg3 Ne5 19. f4 Nxc4 20.
Nxc4 Bxc4 21. f5 Nxe4+ 22. Qe3 Qxe3+ 23. Rxe3 Nxg3 24. Rxg3 d5 25. fxg6 hxg6 26. h4 Bd6 27. Rf3 Re7 28. h5 b5 29. hxg6 fxg6 30. Rf6 Bc5+ 31.
Kh2 Kg7 32. Rdf1 a3 33. b3 Rh8+ 34. Kg3 Re3+ 35. R1f3 Rxf3+ 36. Rxf3 Bd6+ 37. Kf2 d4 38. Ne4 Be5 39. bxc4 bxc4 40. Bf1 d3 41. g5 Bd4+ 42. Kg3 Rb8 43. Nd6 Be5+ 44. Kg4 Bxd6 45. Bg2 Rb2 46. Kh3 Rxa2 47. Re3 d2 48. Bf3 c3 49. Re6 c2 50. Rxd6 c1=Q 51. Bxc6 d1=Q 52. Rd7+ Qxd7+ 53. Bxd7 Qe3+ 0-1

[Event "Late-Titled-Tuesday-Blitz-September-05-2023"]
[Site "Chess.com"]
[Date "2023.09.05"]
[Round "3"]
[White "AlexNovitz"]
[Black "kinga2008"]
[Result "0-1"]
[WhiteElo "2234"]
[BlackElo "2402"]
[TimeControl "180+1"]
[EndTime "14:28:52 PDT"]
[Termination "kinga2008 won by checkmate"]

1. e4 g6 2. d4 Bg7 3. Be3 d6 4.
Nc3 Nf6 5. f3 O-O 6. Qd2 Nbd7 7.
O-O-O a6 8. h4 b5 9. Bh6 c5 10. d5 Qa5 11. Kb1 Nb6 12. h5 b4 13. Nce2 Nc4 14.
Qg5 Nxe4 15. fxe4 Bxb2 16. Bxf8 Bf6 17. hxg6 Na3+ 18. Kc1 Bxg5+ 19. Kb2 Kxf8 20. gxh7 Bf6+ 21. Kc1 Bh8 22. Nf4 Nb1 23. Kxb1 Qa3 24. e5 dxe5 25. Rd3 exf4 26. Rxa3 bxa3 27. Bc4 Bf5 28.
Ne2 Rb8+ 29. Kc1 Rb2 30. Bd3 Bxd3 31. cxd3 Rxe2 32. Rh4 Rxa2 33. Rxf4 Ra1+ 34. Kc2 a2 35. Rg4 Rc1+ 36. Kxc1 a1=Q+ 37. Kd2 Qb2+ 38. Ke3 Qe5+ 39.
Kf3 Qf5+ 40. Rf4 Qxd3+ 41. Kg4 Be5 42. Rf3 Qg6+ 43. Kh3 Qh5# 0-1

[Event "Late-Titled-Tuesday-Blitz-September-05-2023"]
[Site "Chess.com"]
[Date "2023.09.05"]
[Round "3"]
[White "Schwindle"]
[Black "SCIM"]
[Result "1-0"]
[WhiteElo "2425"]
[BlackElo "2574"]
[TimeControl "180+1"]
[EndTime "14:28:53 PDT"]
[Termination "Schwindle won on time"]

1. e4 c5 2. Nf3 e6 3. d4 cxd4 4. Nxd4 Nc6 5. Nc3 Qc7 6. g3 a6 7. Bg2 Nf6 8. O-O Nxd4 9. Qxd4 Bc5 10. Qd3 d6 11. h3 Nd7 12. Kh2 Ne5 13. Qe2 h5 14. f4 Ng4+ 15. Kh1 Bd7 16. f5 O-O-O 17. Bf4 Ne5 18. Rad1 Bc6 19. a3 Ba7 20. b3 Kb8 21. Na2 exf5 22. Nb4 Bxe4 23. Bxe4 fxe4 24. Qxe4 Rhe8 25.
c4 Bc5 26. Nd5 Qc6 27. Qg2 f6 28. b4 Ba7 29. b5 Qxc4 30. b6 Bxb6 31. Nxb6 Qc6 32.
Nd5 Nc4 33. Rc1 Rc8 34. Rc3 Qb5 35. Rfc1 Ka8 36. Rxc4 1-0

[Event "Late-Titled-Tuesday-Blitz-September-05-2023"]
[Site "Chess.com"]
[Date "2023.09.05"]
[Round "3"]
[White "Verony64"]
[Black "Bilan_Danila"]
[Result "0-1"]
[WhiteElo "2269"]
[BlackElo "2522"]
[TimeControl "180+1"]
[EndTime "14:28:53 PDT"]
[Termination "Bilan_Danila won on time"]

1. e4 c6 2. Nc3 d5 3. e5 Bf5 4. f4 e6 5. d3 Nd7 6. g3 Bc5 7. Nf3 h5 8. h3 Qb6 9. d4 Bb4 10. Bg2 c5 11. Be3 Ne7 12. O-O Bxc3 13. bxc3 Be4 14. Rb1 Qc7 15. Nh4 Bxg2 16. Kxg2 g6 17.
Qd3 cxd4 18. cxd4 Rc8 19. Rf2 Nb6 20. Qb5+ Qc6 21. Qxc6+ Rxc6 22. Bc1 Kd7 23. Ba3 Rhc8 24. Bc5 R8c7 25. Rf3 Na4 26. Rfb3 b6 27. Bd6 Rxc2+ 28. Kf1 R7c3 29. Rxc3 Nxc3 30. Rb3 Nc8 31. Nf3 Ne4 0-1

[Event "Late-Titled-Tuesday-Blitz-September-05-2023"]
[Site "Chess.com"]
[Date "2023.09.05"]
[Round "3"]
[White "allvim"]
[Black "boguszp"]
[Result "0-1"]
[WhiteElo "2308"]
[BlackElo "2097"]
[TimeControl "180+1"]
[EndTime "14:28:53 PDT"]
[Termination "boguszp won on time"]

1. e4 e6 2. d4 d5 3. Nd2 c5 4. exd5 Qxd5 5. Ngf3 cxd4 6. Bc4 Qd6 7. O-O Nf6 8. Nb3 Nc6 9. Nbxd4 Nxd4 10. Nxd4 a6 11. Re1 Bd7 12. c3 Qc7 13. Qe2 Bd6 14. h3 O-O-O 15.
b4 Ne4 16. Qxe4 Qxc4 17. Bf4 Qc7 18. Bxd6 Qxd6 19. Rad1 Qc7 20. Nb3 Bc6 21. Qg4 Rxd1 22. Rxd1 g6 23. Nc5 Rd8 24. Rd4 h5 25. Qd1 Rxd4 26. Qxd4 Qd8 27. Qe5 Qd5 28. Qg3 a5 29. a3 b6 30. Nd3 Bb5 31. Nf4 Qd1+ 32. Kh2 Qd6 33. Qf3 Bc6 34. Qe3 e5 35. Ne2 Kb7 36. f3 f5 37. g3 Qd5 38. bxa5 bxa5 39. Kg2 Ka6 40. c4 Qd6 41. c5 Qd5 42. Nc3 Qd4 43.
Qxd4 exd4 44. Nd1 Kb5 45. Kf2 Kxc5 46. Ke2 Kc4 47. g4 fxg4 48. fxg4 hxg4 49. hxg4 Bb5 50. Kd2 Kb3 51. Nf2 Kxa3 52. Ne4 Kb4 53. Nd6 Ba6 54.
Nf7 a4 55. Ne5 a3 56. Kc2 a2 57. Kb2 Bc4 58. Nxg6 d3 0-1

[Event "Late-Titled-Tuesday-Blitz-September-05-2023"]
[Site "Chess.com"]
[Date "2023.09.05"]
[Round "3"]
[White "Maluco_do_Natal_00"]
[Black "KorolDimitriy75"]
[Result "0-1"]
[WhiteElo "1968"]
[BlackElo "2317"]
[TimeControl "180+1"]
[EndTime "14:28:53 PDT"]
[Termination "KorolDimitriy75 won on time"]

1. e4 c5 2. Nf3 d6 3. d4 cxd4 4. Nxd4 Nf6 5. Nc3 g6 6. Be3 Bg7 7. f3 O-O 8. Qd2 Nc6 9. Bc4 Bd7 10. h4 Qa5 11. O-O-O Rfc8 12. Bb3 Ne5 13. Kb1 b5 14. Bh6 Bxh6 15. Qxh6 Rxc3 16. bxc3 Qxc3 17. Qd2 Qc5 18.
Ka1 a5 19. Bd5 Nxd5 20. exd5 Qxd5 21. h5 Be6 22. Nxe6 Qxd2 23. Rxd2 fxe6 24. hxg6 hxg6 25. a3 Rc8 26. Ka2 Kg7 27. Re2 Kf6 28. Rb1 Rc5 29. f4 Nc4 30. Rb3 e5 31. fxe5+ Nxe5 32. Rb1 Ke6 33.
Rbe1 a4 34. Kb1 Rc3 35. Re3 Rc4 0-1

[Event "Late-Titled-Tuesday-Blitz-September-05-2023"]
[Site "Chess.com"]
[Date "2023.09.05"]
[Round "3"]
[White "Rodalquilar"]
[Black "Haykoooo0o"]
[Result "1-0"]
[WhiteElo "2787"]
[BlackElo "2490"]
[TimeControl "180+1"]
[EndTime "14:28:55 PDT"]
[Termination "Rodalquilar won by resignation"]

1. d4 d5 2. Nf3 Nf6 3. Bf4 c5 4. e3 cxd4 5. exd4 Bg4 6. Nbd2 Nc6 7. c3 e6 8. Qb3 Qd7 9. Ne5 Qc8 10. Nxg4 Nxg4 11. Bd3 Nf6 12. O-O Be7 13. Rfe1 O-O 14. Nf3 a6 15. a4 Qd7 16. Qc2 Bd6 17. Ne5 Qc7 18. Bg3 Rac8 19. Qe2 Bxe5 20. dxe5 Nd7 21.
f4 g6 22. h4 Ne7 23. h5 Nf5 24. Bf2 Nc5 25. Bc2 Ng7 26. g4 Rfd8 27. h6 Ne8 28. Bd4 Ne4 29. Bxe4 dxe4 30. Qxe4 Qc6 31. a5 Qxe4 32.
Rxe4 Nc7 33. Rf1 Nd5 34. f5 Rc4 35. Re2 Rcc8 36. Ref2 Rf8 37. Rf3 Ne7 38. fxe6 fxe6 39. Rf6 Rxf6 40. exf6 Nd5 41. f7+ Kf8 42. Bg7+ 1-0

[Event "Late-Titled-Tuesday-Blitz-September-05-2023"]
[Site "Chess.com"]
[Date "2023.09.05"]
[Round "3"]
[White "GAO"]
[Black "zajka-molotok"]
[Result "0-1"]
[WhiteElo "2295"]
[BlackElo "2526"]
[TimeControl "180+1"]
[EndTime "14:28:55 PDT"]
[Termination "zajka-molotok won by checkmate"]

1. d4 Nf6 2. Nf3 e6 3. c4 c5 4.
g3 cxd4 5. Nxd4 d5 6. Nc3 e5 7. Ndb5 d4 8. Nb1 a6 9. N5a3 Nc6 10. Bg2 Bf5 11. O-O Bc5 12. Nc2 O-O 13. a3 a5 14. Nd2 e4 15. Nb3 b6 16. Bg5 a4 17. Nd2 Re8 18. b4 axb3 19. Nxb3 h6 20. Bxf6 Qxf6 21. a4 Rad8 22. Na3 d3 23.
exd3 Rxd3 24. Qe2 Rxb3 25. Nb5 Nd4 26. Qa2 Rd3 27. Nc7 e3 28. Nxe8 Qe5 29. fxe3 Rxe3 30. Kh1 Qxe8 31. a5 Bd3 32. a6 Bxf1 33. Rxf1 Ra3 34.
Qd2 Rxa6 35. Bd5 Ra7 36. Qf4 Re7 37. Kg2 Ne6 38. Qg4 Nc7 39. Bf3 Qd7 40. Qe4 Rxe4 41. Bxe4 Qd4 42. Bf3 Qxc4 43. Rd1 g6 44. Rd7 Ne6 45.
Bd5 Qe2+ 46. Kh3 Ng5+ 47. Kh4 Qxh2+ 48. Kg4 Qh3+ 49. Kf4 Qxd7 50. Bxf7+ Qxf7+ 51. Kg4 Qf5+ 52. Kh4 Qh3# 0-1

[Event "Late-Titled-Tuesday-Blitz-September-05-2023"]
[Site "Chess.com"]
[Date "2023.09.05"]
[Round "3"]
[White "Dewarfd"]
[Black "Djager97"]
[Result "0-1"]
[WhiteElo "2192"]
[BlackElo "2513"]
[TimeControl "180+1"]
[EndTime "14:28:55 PDT"]
[Termination "Djager97 won by checkmate"]

1. d4 d5 2. e3 Nf6 3. Nf3 c5 4.
dxc5 e6 5. a3 Bxc5 6. c4 a5 7.
b3 Nc6 8. Bb2 O-O 9. Nc3 Qe7 10.
cxd5 exd5 11. Nxd5 Nxd5 12. Qxd5 Be6 13. Qg5 Qxg5 14. Nxg5 Bxb3 15. Bd3 h6 16. Ne4 Be7 17. Ke2 f5 18. Nd2 Be6 19. Bc4 Bxc4+ 20. Nxc4 b5 21.
Nb6 Rad8 22. Rad1 b4 23. axb4 Bxb4 24. Nd5 Bd6 25. Rd3 Nb4 26. Nxb4 Bxb4 27. Rhd1 Rxd3 28. Rxd3 Rc8 29. Kf3 Rc7 30. Be5 Ra7 31. Rb3 Kf7 32. Bc3 Bxc3 33. Rxc3 a4 34. Ra3 Ke6 35. e4 Ke5 36.
exf5 Kxf5 37. g4+ Ke5 38. h4 Kd4 39. Kf4 Kc4 40. Kf5 Kb4 41. Ra1 a3 42. Kg6 Kb3 43. f4 Kb2 44. Rxa3 Kxa3 45. f5 Kb4 46. f6 gxf6 47.
Kxh6 Kc5 48. Kg6 Ra4 49. h5 Rxg4+ 50. Kxf6 Rh4 51. Kg6 Kd6 52. h6 Ke7 53. Kg7 Rg4+ 54. Kh8 Kf6 55. h7 Ra4 56. Kg8 Ra8# 0-1

[Event "Late-Titled-Tuesday-Blitz-September-05-2023"]
[Site "Chess.com"]
[Date "2023.09.05"]
[Round "3"]
[White "platy3"]
[Black "MustafayevFarid2004"]
[Result "0-1"]
[WhiteElo "2904"]
[BlackElo "2670"]
[TimeControl "180+1"]
[EndTime "14:28:57 PDT"]
[Termination "MustafayevFarid2004 won by resignation"]

1. e4 c6 2. Nf3 d5 3. Nc3 dxe4 4. Nxe4 Nf6 5. Qe2 Nxe4 6. Qxe4 Qd5 7. Qf4 Qf5 8. d3 Qxf4 9. Bxf4 Bf5 10. Be2 e6 11. Nh4 Bg6 12. Nxg6 hxg6 13. O-O-O Nd7 14. d4 Be7 15.
Bf3 O-O-O 16. g3 Nf6 17. h4 Nd5 18. Bd2 b5 19. Kb1 Kb7 20. Rhe1 Bf6 21. c3 Rhe8 22. Bc1 Kb6 23. Re2 a5 24. a4 Ka6 25. axb5+ cxb5 26. Bg5 Bxg5 27. hxg5 Rh8 28. Rh1 Nb6 29. Kc2 Rxh1 30.
Bxh1 Rh8 31. Be4 Rh2 32. Bd3 Nd5 33. f4 Ne3+ 34. Kd2 Nf1+ 35. Ke1 Rxe2+ 36. Kxe2 Nxg3+ 37. Kf3 Nf5 38. Ke4 Nd6+ 39. Ke5 Nc8 40. Bxg6 fxg6 41. Kxe6 Nb6 42. Kf7 Nd5 43. Kxg6 Nxf4+ 44. Kxg7 Kb6 45. Kf7 Kc6 46. g6 Nxg6 47. Kxg6 Kd5 48. Kf5 b4 49. cxb4 axb4 50. Kf6 Kxd4 51. Ke6 b3 52. Kd6 Kd3 53. Kc5 Kc2 0-1

[Event "Late-Titled-Tuesday-Blitz-September-05-2023"]
[Site "Chess.com"]
[Date "2023.09.05"]
[Round "3"]
[White "RebecaJimnz"]
[Black "GMForgacs"]
[Result "1-0"]
[WhiteElo "2270"]
[BlackElo "2388"]
[TimeControl "180+1"]
[EndTime "14:28:57 PDT"]
[Termination "RebecaJimnz won by checkmate"]

1. e4 a6 2. d3 b5 3. d4 Bb7 4. Bd3 Nf6 5. c3 e6 6. Nd2 c5 7. Ngf3 Be7 8. O-O O-O 9. Re1 d6 10. Nf1 Nbd7 11. Ng3 Re8 12. e5 dxe5 13. dxe5 Nd5 14. Qe2 Nf8 15. Ne4 c4 16. Bc2 Qc7 17. Bg5 h6 18. Bxe7 Qxe7 19. Nd6 Red8 20. Nxb7 Qxb7 21.
Qe4 Qe7 22. Rad1 Rd7 23. Rd4 Rad8 24. Red1 a5 25. h3 g6 26. Nh2 Kg7 27. Ng4 Qg5 28.
Nh2 h5 29. a4 b4 30. Nf3 Qf5 31. Qxd5 Qxc2 32. Qxa5 Qxd1+ 33. Rxd1 Rxd1+ 34. Kh2 b3 35. Nd4 Rd2 36. Qxd8 Rxb2 37. Qf6+ Kg8 38. Nc6 Rd2 39.
Ne7+ Kh7 40. Qxf7+ Kh6 41. Qxf8+ Kg5 42. Qf6+ Kh6 43.
Qxg6# 1-0

[Event "Late-Titled-Tuesday-Blitz-September-05-2023"]
[Site "Chess.com"]
[Date "2023.09.05"]
[Round "3"]
[White "boldpilot22622"]
[Black "a-z30"]
[Result "1/2-1/2"]
[WhiteElo "2523"]
[BlackElo "2311"]
[TimeControl "180+1"]
[EndTime "14:29:00 PDT"]
[Termination "Game drawn by repetition"]

1. e4 d6 2. d4 Nf6 3. Nc3 g6 4. f4 Bg7 5. Be2 O-O 6. Be3 e5 7. Nf3 exf4 8. Bxf4 Re8 9. Qd3 Nxe4 10. Nxe4 Bf5 11.
Nfd2 d5 12. Qc3 dxe4 13. Qxc7 Qxc7 14. Bxc7 e3 15. Nf3 Bxc2 16. O-O Nc6 17. Rac1 Be4 18. Ng5 Bd5 19. Bc4 Bxc4 20. Rxc4 Nxd4 21. Re1 h6 22. Nf3 Nxf3+ 23. gxf3 Rac8 24. b3 Re7 25. Bf4 Rxc4 26. bxc4 e2 27. Bd2 Bd4+ 28. Kg2 h5 29. f4 f5 30. Kf3 Kf7 31. Rxe2 Rxe2 32. Kxe2 Ke6 33. h3 a6 34. Kd3 Bc5 35. a4 Bd6 36. Bc1 Kd7 37. Kd4 Kc6 38. Bd2 Kd7 39. Kd5 Bc7 40. Bc1 Ke7 41. Bd2 Kf7 42. Bc1 Kf6 43. Bb2+ Kf7 44.
Bc1 Bb8 45. Bd2 Bc7 46. Bc1 1/2-1/2

[Event "Late-Titled-Tuesday-Blitz-September-05-2023"]
[Site "Chess.com"]
[Date "2023.09.05"]
[Round "3"]
[White "GrigorGrigorov"]
[Black "JacksterThePro"]
[Result "1-0"]
[WhiteElo "2874"]
[BlackElo "2425"]
[TimeControl "180+1"]
[EndTime "14:29:01 PDT"]
[Termination "GrigorGrigorov won on time"]

1. d4 Nf6 2. Nf3 d5 3. c4 e6 4. g3 Be7 5. Bg2 O-O 6. O-O dxc4 7. Qc2 b6 8. Bg5 Nd5 9. Bxe7 Qxe7 10. Nbd2 b5 11.
b3 c3 12. Ne4 b4 13. a3 Nc6 14.
axb4 Ncxb4 15. Qc1 c2 16. Re1 a5 17. Qd2 Bd7 18. Nc5 Bb5 19. e4 Nb6 20. Qc3 Rfd8 21. Rec1 h6 22. Ne1 Ra7 23. Nxc2 Qf6 24. e5 Qg5 25.
Nxb4 axb4 26. Qxb4 Rxa1 27. Rxa1 Be2 28. Re1 Qh5 29. Nb7 Rd7 30. Nc5 Rd8 31. Qc3 Nd5 32.
Qc2 Bf3 33. Bf1 Nf4 34. Qc3 Rxd4 35. h4 Ng6 36. Qxd4 Qf5 37. Bg2 Bxg2 38. Kxg2 Qc2 39. b4 1-0